 Dungeon Crawl Stone Soup version 0.30-a0-862-g1aabd4f9c5 (webtiles) character file.

Game seed: 16329400787039911231

5462 themarg the Summoner (level 10, -6/66 HPs)
             Began as a Merfolk Summoner on Mar 9, 2023.
             Was a Believer of Hepliaklqana.
             Shot with an arrow by a centaur warrior (12 damage)
             ... on level 8 of the Dungeon.
             The game lasted 00:31:40 (10196 turns).

themarg the Summoner (Merfolk Summoner)            Turns: 10196, Time: 00:31:40

Health: -6/66      AC:  4    Str:  9    XL:     10   Next: 68%
Magic:  10/16      EV: 19    Int: 25    God:    Hepliaklqana [**....]
Gold:   535        SH:  0    Dex: 14    Spells: 7/17 levels left

rFire   . . .      SeeInvis .    P - +5 spear
rCold   . . .      Faith    .    (no shield)
rNeg    . . .      Spirit   .    a - +0 robe
rPois   .          Reflect  .    (no helmet)
rElec   .          Rampage  .    (no cloak)
rCorr   .                        t - +1 pair of gloves
Will    .....                    (no boots)
Stlth   ++                       (no amulet)
HPRegen 0.31/turn                i - +6 ring of intelligence
MPRegen 0.15/turn                z - +5 ring of evasion

@: no status effects
A: reduced essence, (nimble swimmer 2), mertail
a: Renounce Religion, Recall Ancestor, Ancestor Identity


You were on level 8 of the Dungeon.
You worshipped Hepliaklqana.
Hepliaklqana was pleased with you.
You visited 1 branch of the dungeon, and saw 8 of its levels.
You also visited: Ossuary.

You collected 535 gold pieces.

Inventory:

Hand Weapons
 P - a +5 spear (weapon)
Missiles
 c - 112 stones
 e - 3 boomerangs
 p - 7 curare-tipped darts (quivered)
 C - 20 poisoned darts
 M - 3 throwing nets
Armour
 a - a +0 robe (worn)
 t - a +1 pair of gloves (worn)
 D - a +0 cloak
Jewellery
 b - a +4 ring of slaying
 d - a ring of ice
 i - a +6 ring of intelligence (left hand)
 v - a ring of protection from fire
 z - a +5 ring of evasion (right hand)
 L - a ring of magical power
Wands
 n - a wand of paralysis (7)
 N - a wand of mindburst (14)
Scrolls
 g - 3 scrolls of teleportation
 h - a scroll of amnesia {unknown}
 j - 2 scrolls of fear {unknown}
 k - 3 scrolls of magic mapping {unknown}
 m - a scroll of enchant weapon {unknown}
 o - a scroll of immolation {unknown}
 q - a scroll of butterflies {unknown}
 s - a scroll of noise {unknown}
 u - 2 scrolls of silence {unknown}
 w - a scroll of poison {unknown}
 y - a scroll of acquirement {unknown}
 A - 2 scrolls of vulnerability {unknown}
 B - 2 scrolls of blinking {unknown}
 E - 3 scrolls of identify {unknown}
 F - a scroll of brand weapon {unknown}
Potions
 f - 8 potions of curing
 l - 4 potions of brilliance
 r - a potion of might {unknown}
 x - 2 potions of lignification {unknown}
 G - 7 potions of flight {unknown}
 H - 3 potions of haste {unknown}
 I - 5 potions of mutation {unknown}
 J - 3 potions of heal wounds {unknown}
 K - a potion of ambrosia
 O - a potion of cancellation {unknown}


   Skills:
 - Level 5.0 Fighting
 - Level 8.0 Polearms
 + Level 3.1 Throwing
 - Level 5.0 Dodging
 - Level 3.0 Stealth
 - Level 4.0 Spellcasting
 * Level 2.5 Conjurations
 - Level 10.0 Summonings
 - Level 4.0 Air Magic
 + Level 3.5 Invocations
 + Level 3.1 Evocations


You had 7 spell levels left.
You knew the following spells:

 Your Spells              Type           Power      Damage    Failure   Level
a - Summon Small Mammal   Summ           100%       N/A       1%          1
b - Call Imp              Summ           53%        N/A       1%          2
c - Call Canine Familiar  Summ           53%        N/A       1%          3
d - Summon Lightning Spi  Summ/Air       40%        N/A       4%          4

Your spell library contained the following spells:

 Spells                   Type           Power      Damage    Failure   Level
 Summon Guardian Golem    Hex/Summ       30%        N/A       3%          3
 Swiftness                Air            25%        N/A       5%          3
 Momentum Strike          Conj/Tloc      22%        3d8       9%          2
 Vhi's Electric Charge    Tloc/Air       30%        N/A       12%         3
 Blink                    Tloc           10%        N/A       14%         2
 Ensorcelled Hibernation  Hex/Ice        10%        N/A       14%         2
 Lesser Beckoning         Tloc           10%        N/A       14%         2
 Passwall                 Tmut/Erth      4%         N/A       14%         2
 Arcjolt                  Conj/Air       10%        1d20      54%         5
 Maxwell's Capacitive Co  Air            12%        ∞         100%        8


Dungeon Overview and Level Annotations

Branches:
Dungeon (8/15)             Temple (0/1) D:7         Ossuary (visited)
   Lair: D:8-11

Altars:
Gozag
Hepliaklqana
Okawaru
Uskayaw
Zin

Shops:
D:4 *

Annotations:
D:5 1 exclusion
D:8 1 runed translucent door, exclusion: door


Innate Abilities, Weirdness & Mutations

Your life essence is reduced to manifest your ancestor. (-10% HP)
((You are very nimble when in or above water. (Stealth+, EV+, Speed+++)))
Your lower body shifts to a powerful aquatic tail in water.


Message History

The centaur warrior is moderately wounded.
The centaur warrior shoots an arrow.
The arrow hits Dumpling McSquee!!
Reach: P) +5 spear
Press: ? - help, Dir - move target, f/p - centaur warrior
Aim: a centaur warrior, wielding a +0 longbow (moderately wounded, ally target, about 24% to evade your +5 spear)
You reach to attack!
You barely miss the centaur warrior.
The centaur warrior is moderately wounded.
The centaur warrior unwields a +0 longbow.
The centaur warrior hits Dumpling McSquee!
Dumpling McSquee is destroyed!
You swap places.
Your warg closely misses the centaur warrior.
The centaur warrior wields a +0 longbow.
The centaur warrior shoots an arrow.
The arrow barely misses your warg. The arrow hits you!!
Reach: P) +5 spear
Press: ? - help, Dir - move target, f/p - centaur warrior
Aim: a centaur warrior, wielding a +0 longbow (moderately wounded, ally target, about 24% to evade your +5 spear)
You could not reach far enough!
Your warg barely misses the centaur warrior.
Reach: P) +5 spear
Press: ? - help, Dir - move target, f/p - centaur warrior
Aim: a centaur warrior, wielding a +0 longbow (moderately wounded, ally target, about 24% to evade your +5 spear)
You reach to attack!
You puncture the centaur warrior!
The centaur warrior is heavily wounded.
The centaur warrior shoots an arrow.
The arrow hits your warg!!
Your warg bites the centaur warrior!
Reach: P) +5 spear
Press: ? - help, Dir - move target, f/p - centaur warrior
Aim: a centaur warrior, wielding a +0 longbow (severely wounded, ally target, about 24% to evade your +5 spear)
You could not reach far enough!
The centaur warrior shoots an arrow.
The arrow hits your warg!
Your warg dies!
Your warg's corpse disappears in a puff of smoke!
The centaur warrior shoots an arrow.
The arrow hits you!!
An electric hum fills the air.
The centaur warrior shoots an arrow.
The arrow hits you!
* * * LOW HITPOINT WARNING * * *
The centaur warrior shoots an arrow.
The arrow hits you!
You die...

#....#..#.
##..#.#..##...###R.)
######.##..
#...#h..##...##.### #..#...
##.#h#.##..#..##... ##.##....
#..#..##..#..##### #..# ##.##
##...##.......###.
##.###D#.#.###...###.....###.#
#..#.###.###§##.##.###†###.##.
#.##......§c.##.##.......h.##.
##.#
#########@##.##.#########.
#..# #..#....8.##.##.........#
##.##
#..#.###).##.##.#.#.#.#.# #..#
##h# #.##...##.#.#.#.## ##.##
#.#####.##...##.......#. #..#
##.....##.#+#.##.....##) #.##
#.....##.#.#.##.#.#.#.. ..#
##...##.##y##.##.#.##.# .##
#...##.#...#.##...#...


You could see a six-headed hydra, a centaur warrior (ally target) and a friendly
lightning spire (summoned).

Vanquished Creatures
  An acid dragon (D:8)
  An ogre (D:4)
  2 bullfrogs (D:8)
  4 wights (D:8)
  A hound (D:3)
  A jelly (D:7)
  2 orc wizards (D:8)
  A mummy (Ossuary)
  An adder (D:4)
  A shadow imp (D:7)
  4 orcs
  2 ball pythons
  2 giant cockroaches
  2 hobgoblins
  2 jackals (D:4)
  2 kobolds
  A quokka (D:2)
  A bat (D:2)
  2 goblins
  2 hobgoblin zombies (Ossuary)
  2 rats (D:1)
37 creatures vanquished.

Vanquished Creatures (collateral kills)
  A centaur warrior (D:8)
  Maggie (D:6)
  A wyvern (D:8)
  2 steam dragons
  3 water moccasins
  3 orc warriors (D:8)
  An ice beast (D:3)
  3 sky beasts
  2 ogres
  2 centaurs (D:6)
  2 kobold brigands
  Blork the orc (D:5)
  A bullfrog (D:8)
  4 scorpions
  3 water moccasin zombies (Ossuary)
  11 wights
  6 killer bees (D:8)
  2 jellies
  4 hounds
  2 orc priests
  A gnoll bouda (D:7)
  2 sleepcaps
  An iguana (D:6)
  3 orc wizards
  A mummy (Ossuary)
  7 gnolls
  6 adders
  2 shadow imps (D:5)
  A white imp (D:7)
  5 adder zombies (Ossuary)
  A dart slug (D:2)
  15 orcs
  6 endoplasms
  3 giant cockroaches
  8 goblins
  4 hobgoblins
  5 jackals (D:4)
  4 quokkas
  6 ball pythons
  3 bats (D:1)
  5 frilled lizards
  2 gnoll zombies (Ossuary)
  3 hobgoblin zombies (Ossuary)
  13 kobolds
  2 kobold zombies (Ossuary)
  4 orc zombies (Ossuary)
  6 rats
174 creatures vanquished.

Vanquished Creatures (others)
  3 knights (D:8)
  2 ancestors
  An adder (D:6)
6 creatures vanquished.

Grand Total: 217 creatures vanquished

Notes
Turn   | Place    | Note
-------+----------+-------------------------------------------
     0 | D:1      | themarg the Merfolk Summoner began the quest for the Orb.
     0 | D:1      | Reached XP level 1. HP: 13/13 MP: 3/3
   166 | D:1      | Reached XP level 2. HP: 19/19 MP: 1/5
   616 | D:1      | Reached XP level 3. HP: 24/24 MP: 3/6
   625 | D:1      | Learned a level 2 spell: Call Imp
   629 | D:1      | Learned a level 3 spell: Call Canine Familiar
  1322 | D:2      | You fall into a shaft and drop 1 floor!
  1324 | D:3      | Found an iron altar of Okawaru.
  1499 | D:2      | Reached skill level 5 in Summonings
  1983 | D:2      | Reached XP level 4. HP: 30/30 MP: 7/7
  3322 | D:3      | Reached skill level 6 in Summonings
  3322 | D:3      | Reached XP level 5. HP: 4/35 MP: 0/8
  3496 | D:4      | Noticed an ogre
  3504 | D:4      | Killed an ogre
  3505 | D:4      | Reached XP level 6. HP: 41/41 MP: 3/9
  3614 | D:3      | Reached skill level 7 in Summonings
  3837 | D:4      | Found Cadupp's Gadget Gallery.
  3989 | D:4      | Found a hazy altar of Hepliaklqana.
  4042 | D:4      | Became a worshipper of Hepliaklqana the Forgotten
  4098 | D:4      | Noticed an ice beast
  4130 | D:3      | Found an iron altar of Okawaru.
  4282 | D:3      | Killed an ice beast
  4283 | D:3      | Reached skill level 8 in Summonings
  4283 | D:3      | Reached XP level 7. HP: 46/46 MP: 5/10
  4513 | D:4      | Found a glowing silver altar of Zin.
  4581 | D:4      | Found a hide-covered altar of Uskayaw.
  4628 | D:5      | Entered Level 5 of the Dungeon
  4945 | D:5      | Noticed Blork the orc
  4952 | D:5      | Killed Blork the orc
  4953 | D:5      | Reached skill level 9 in Summonings
  5699 | D:5      | Reached * piety under Hepliaklqana
  5759 | D:6      | Reached XP level 8. HP: 19/46 MP: 5/11
  5776 | D:6      | Found an opulent altar of Gozag.
  5827 | D:6      | Reached skill level 1 in Air Magic
  5941 | D:6      | Found a sand-covered staircase.
  5950 | Ossuary  | Entered an ossuary
  6084 | Ossuary  | Reached skill level 10 in Summonings
  6457 | Ossuary  | Learned a level 4 spell: Summon Lightning Spire
  7006 | D:6      | Noticed Maggie
  7020 | D:6      | Reached XP level 9. HP: 33/52 MP: 8/15
  7021 | D:6      | Killed Maggie
  7604 | D:7      | Reached skill level 5 in Fighting
  7858 | D:7      | Found a staircase to the Ecumenical Temple.
  7963 | D:7      | Reached ** piety under Hepliaklqana
  7964 | D:7      | Reached skill level 5 in Dodging
  8017 | D:7      | Remembered your ancestor Dumpling McSquee as a knight
  8039 | D:7      | Reached skill level 1 in Polearms
  8716 | D:8      | Reached skill level 5 in Polearms
  8998 | D:8      | Reached XP level 10. HP: 66/66 MP: 16/16
  9151 | D:8      | Reached skill level 1 in Throwing
  9151 | D:8      | Reached skill level 1 in Invocations
  9151 | D:8      | Reached skill level 1 in Evocations
  9781 | D:8      | Reached skill level 1 in Conjurations
 10085 | D:8      | Found a runed translucent door.
 10086 | D:8      | Noticed a manticore
 10087 | D:8      | Noticed a cyclops
 10087 | D:8      | Noticed a cyclops
 10117 | D:8      | Noticed a centaur warrior
 10126 | D:8      | Killed a centaur warrior
 10180 | D:8      | Noticed a centaur warrior
 10181 | D:8      | Noticed a six-headed hydra
 10196 | D:8      | Shot with an arrow by a centaur warrior

Illustrated notes

Levels and vault maps discovered:
D:1:      mushboom_english_gardens, layout_loops_ring
D:2:      layout_loops_ring, minmay_distorted
D:3:      layout_basic, okawaru_ov_weapons_minmay
D:4:      layout_rooms, nicolae_overflow_hidden_temple, kennysheep_mini_moat,
          nicolae_uskayaw_dance_hall, mainiacjoe_overflow_alcove_2,
          minmay_misc_feat_room, nicolae_shop_gadgets
D:5:      layout_loops_corners, due_unseen_surprise, uniq_blork_the_orc
D:6:      layout_loops_ring, grunt_gozag_breadcrumbs,
          nicolae_ossuary_entry_ruins, uniq_maggie
D:7:      layout_basic, minmay_temple_entry_ruins, dk_rats_in_the_wall
D:8:      minmay_the_grid_triangle_9x9_rhombus_full
          [minmay_the_grid_triangle_9x9_zippers_horizontal,
          minmay_the_grid_triangle_9x9_subtriangle,
          minmay_the_grid_triangle_9x9_impossible_snake,
          minmay_the_grid_triangle_9x9_dagger,
          minmay_the_grid_triangle_9x9_limited_checkers,
          minmay_the_grid_triangle_9x9_warning,
          minmay_the_grid_triangle_9x9_intruding_spiral,
          minmay_the_grid_triangle_9x9_prize_insulated], layout_basic,
          minmay_fractal_squares_gapless_5

Skill      XL: |  1  2  3  4  5  6  7  8  9 10 |
---------------+-------------------------------+-----
Stealth        | 3 |  3.0
Summonings     | 5 6 8 9 10 | 10.0
Air Magic      | 4 |  4.0
Spellcasting   | 4 |  4.0
Fighting       | 5 |  5.0
Dodging        | 5 |  5.0
Polearms       | 7 8 |  8.0
Throwing       | 3 |  3.1
Invocations    | 3 |  3.5
Evocations     | 3 |  3.1
Conjurations   | 2 |  2.5

Action                     |  1- 3 |  4- 6 |  7- 9 | 10-12 || total
---------------------------+-------+-------+-------+-------++-------
  Melee: Unarmed           |     1 |       |       |       ||     1
         Short sword       |    17 |       |       |       ||    17
         Punch             |     1 |       |     2 |       ||     3
         Dagger            |    24 |     5 |       |       ||    29
         Spear             |       |    61 |   150 |    58 ||   269
  Throw: Dart              |       |     3 |     2 |       ||     5
   Cast: Summon Small Mamm |    57 |    14 |     9 |       ||    80
         Call Canine Famil |     6 |    19 |    29 |    10 ||    64
         Call Imp          |     6 |    12 |    15 |     2 ||    35
         Summon Lightning  |       |       |    23 |    13 ||    36
 Invoke: Ancestor Identity |       |       |     1 |       ||     1
         Recall Ancestor   |       |       |     2 |     1 ||     3
         Ancestor Life: Kn |       |       |     1 |       ||     1
    Use: Potion            |       |     4 |       |       ||     4
         Scroll            |       |     1 |       |       ||     1
   Stab: Distracted        |     2 |       |     3 |     4 ||     9
         Sleeping          |     1 |       |     1 |       ||     2
 Armour: Robe              |    13 |    12 |     5 |     3 ||    33
  Dodge: Dodged            |    28 |    51 |    61 |    24 ||   164

Table legend: (Time is in decaauts)
 A = Elapsed time spent in this place.
 B = Non-inter-level travel time spent in this place.
 C = Inter-level travel time spent in this place.
 D = Time resting spent in this place.
 E = Time spent auto-exploring this place.
 F = Levels seen in this place.
 G = Mean time per level.
                   A        B        C        D        E       F      G
               +--------+--------+--------+--------+--------+-----+--------+
         Total |  10186 |   9971 |    215 |    716 |   7258 |   9 | 1131.8 |
       Dungeon |   9673 |   9458 |    215 |    421 |   7227 |   8 | 1209.1 |
       Ossuary |    513 |    513 |      0 |    295 |     31 |   1 |  513.0 |
               +--------+--------+--------+--------+--------+-----+--------+

Top non-repeatable levels by time:
     D:3: 1688 daAuts
     D:8: 1590 daAuts
     D:1: 1200 daAuts
     D:6: 1173 daAuts
     D:7: 1162 daAuts
     D:5: 1109 daAuts
     D:2: 1032 daAuts
     D:4: 716 daAuts
 Ossuary: 513 daAuts
